 Dungeon Crawl Stone Soup version 0.29-a0-233-g1125b37a9b (webtiles) character file.

Game seed: 1522461155430926224

110 croobank the Sneak (level 4, -1/27 HPs)
             Began as an Octopode Fire Elementalist on Mar 2, 2022.
             Slain by an orc
             ... wielding the +6 dagger "Giantbane" {flame, rF+ Str+4 Stlth-}
              (2 damage)
             ... on level 3 of the Dungeon.
             The game lasted 00:06:45 (2722 turns).

croobank the Sneak (Octopode Fire Elementalist)     Turns: 2722, Time: 00:07:01

Health: -1/27      AC:  1    Str:  7    XL:     4   Next: 91%
Magic:  3/7        EV: 13    Int: 19    God:
Gold:   72         SH:  0    Dex: 12    Spells: 3/8 levels left

rFire   . . .      SeeInvis .   a - +0 whip
rCold   . . .      Faith    .   (no shield)
rNeg    . . .      Spirit   .   (helmet restricted)
rPois   .          Reflect  .   (no amulet)
rElec   .          Harm     .   (no ring)
rCorr   .          Rampage  .   (no ring)
Will    .....                   (no ring)
Stlth   +++.......              (no ring)
HPRegen 0.09/turn               (no ring)
MPRegen 0.10/turn               (no ring)
                                (no ring)
                                (no ring)

@: no status effects
A: almost no armour, amphibious, 8 rings, camouflage 1, gelatinous body 1,
(nimble swimmer 1), tentacles
a: no special abilities


You were on level 3 of the Dungeon.
You visited 1 branch of the dungeon, and saw 3 of its levels.

You collected 72 gold pieces.

Inventory:

Hand Weapons
 a - a +0 whip (weapon)
Missiles
 b - 22 stones
 d - a throwing net
 f - 3 boomerangs
 i - 5 poisoned darts
Scrolls
 e - 2 scrolls of vulnerability {unknown}
 g - a scroll of identify {unknown}
Potions
 c - a potion of curing {unknown}
 h - a potion of invisibility {unknown}
 j - a potion of resistance {unknown}


   Skills:
 + Level 2.8 Dodging
 + Level 3.9 Stealth
 + Level 2.6 Spellcasting
 + Level 2.0 Conjurations
 + Level 3.6 Fire Magic


You had 3 spell levels left.
You knew the following spells:

 Your Spells              Type           Power      Damage    Failure   Level
a - Foxfire               Conj/Fire      52%        2x1d6     4%          1
b - Scorch                Fire           32%        2d6       5%          2
c - Ensorcelled Hibernat  Hex/Ice        4%         N/A       24%         2

Your spell library contained the following spells:

 Spells                   Type           Power      Damage    Failure   Level
 Conjure Flame            Conj/Fire      13%        6-21      14%         3
 Inner Flame              Hex/Fire       9%         N/A       22%         3
 Passwall                 Tmut/Erth      1%         N/A       24%         2
 Swiftness                Air            2%         N/A       43%         3
 Flame Wave               Conj/Fire      13%        2d6       43%         4


Dungeon Overview and Level Annotations

Branches:
Dungeon (3/15)

Altars:


Innate Abilities, Weirdness & Mutations

You cannot wear most types of armour.
You are amphibious.
You can wear up to eight rings at the same time.
Your skin changes colour to match your surroundings (Stealth+).
Your rubbery body absorbs attacks. (AC +1, EV +1)
((You are camouflaged when in or above water. (Stealth+)))
You have tentacles for arms and can constrict up to eight enemies at once.


Message History

The bat is severely wounded.
The orc closely misses you. The bat hits you but does no damage.
The foxfire hits the orc.
You kill the orc!
Casting: Foxfire (safe; 4% risk of failure)
Confirm with . or Enter, or press ? or * to list all spells.
You conjure some foxfire!
The bat hits you but does no damage.
The foxfire hits the bat.
You kill the bat!
The orc hits you with a +0 flail.
The foxfire hits the orc.
The orc is lightly wounded.
The orc hits you with a +0 flail.
Casting: Foxfire (safe; 4% risk of failure)
Confirm with . or Enter, or press ? or * to list all spells.
You conjure some foxfire!
The orc hits you with a +0 flail!
The foxfire hits the orc.
The orc is heavily wounded.
The foxfire hits the orc but does no damage.
The orc is heavily wounded.
The orc closely misses you.
You completely miss the orc. You grab the orc. You squeeze the orc.
The orc is moderately wounded.
You constrict the orc. The orc hits you with a +0 flail.
You hit the orc.
You kill the orc!
Casting: Foxfire (safe; 4% risk of failure)
Confirm with . or Enter, or press ? or * to list all spells.
Flames lash the orc.
You kill the orc!
You barely miss the orc. Your grab misses the orc. You squeeze the orc.
The orc is moderately wounded.
The orc barely misses you.
You hit the orc but do no damage. You grab the orc.
The orc is moderately wounded.
You constrict the orc.
The orc hits you with the +6 dagger "Giantbane" {flame, rF+ Str+4 Stlth-}!
* * * LOW HITPOINT WARNING * * *
The orc burns you.
You die...

#.......#
......).#
#.......#
....###.# . #.#
#.# #.#
##.##########o#
............#@#
#.......##.#.#
..#..####.##.#.#
...##..#.##.##.#.#
.......#....##...#
#.####.#.#########
..................
..#####..#########
..#...#.........


You could see an orc.

Vanquished Creatures
  6 adders
  2 dart slugs
  3 orcs (D:3)
  7 bats
  3 endoplasms
  3 giant cockroaches
  8 goblins
  3 hobgoblins
  4 kobolds
  A quokka (D:2)
  6 ball pythons
  4 rats (D:1)
50 creatures vanquished.

Vanquished Creatures (others)
  89 foxfires
89 creatures vanquished.

Grand Total: 139 creatures vanquished

Notes
Turn   | Place    | Note
-------+----------+-------------------------------------------
     0 | D:1      | croobank the Octopode Fire Elementalist began the quest for
                  | the Orb.
     0 | D:1      | Reached XP level 1. HP: 11/11 MP: 3/3
   243 | D:1      | Reached XP level 2. HP: 17/17 MP: 3/5
   307 | D:1      | Learned a level 2 spell: Scorch
   713 | D:1      | Reached XP level 3. HP: 21/21 MP: 4/6
   734 | D:1      | Found a faded altar of an unknown god.
  1077 | D:2      | Learned a level 2 spell: Ensorcelled Hibernation
  1331 | D:2      | Reached XP level 4. HP: 12/27 MP: 4/7
  2703 | D:3      | Identified the +6 dagger "Giantbane" {flame, rF+ Str+4
                  | Stlth-}
  2722 | D:3      | HP: 1/27 [orc/the +6 dagger "Giantbane" {flame, rF+ Str+4
                  | Stlth-} (8)]
  2722 | D:3      | Slain by an orc

Illustrated notes

Levels and vault maps discovered:
D:1:      dpeg_arrival_yet_another_circle, layout_loops_ring,
          basic_ecumenical_altar, minmay_statues_item
D:2:      layout_loops_ring, minmay_misc_feat_enclosed
D:3:      layout_basic, serial_shops, nicolae_shop_behind_doors,
          hangedman_decor_clover_reticule

Skill      XL: |  1  2  3  4 |
---------------+-------------+-----
Stealth        | 3 |  3.9
Conjurations   | 2 |  2.0
Dodging        | |  2.8
Spellcasting   | |  2.6
Fire Magic     | |  3.6

Action                   |  1- 3 |  4- 6 || total
-------------------------+-------+-------++-------
Melee: Whip              |    11 |    13 ||    24
       Tentacles         |     2 |     4 ||     6
       Constrict         |     2 |     5 ||     7
       Punch             |     1 |       ||     1
 Cast: Foxfire           |    40 |    17 ||    57
       Scorch            |     2 |     2 ||     4
 Stab: Distracted        |     1 |       ||     1
       Sleeping          |       |     2 ||     2
Armor: Skin              |     6 |     2 ||     8
Dodge: Dodged            |    11 |     8 ||    19

Table legend: (Time is in decaauts)
 A = Elapsed time spent in this place.
 B = Non-inter-level travel time spent in this place.
 C = Inter-level travel time spent in this place.
 D = Time resting spent in this place.
 E = Time spent auto-exploring this place.
 F = Levels seen in this place.
 G = Mean time per level.
                   A        B        C        D        E       F      G
               +--------+--------+--------+--------+--------+-----+--------+
         Total |   2723 |   2649 |     74 |    445 |   1760 |   3 |  907.7 |
       Dungeon |   2723 |   2649 |     74 |    445 |   1760 |   3 |  907.7 |
               +--------+--------+--------+--------+--------+-----+--------+

Top non-repeatable levels by time:
     D:2: 1631 daAuts
     D:1: 924 daAuts
     D:3: 167 daAuts
